[Event "Titled Tuesday Blitz July 25 Early 2023"]
[White "Tologon tegin, Semetei"]
[Black "AndresDelgado77"]
[WhiteFideId "13800574"]
[WhiteElo "2586"]
[BlackElo "2285"]
[Result "1-0"]
[Round "1"]
[TimeControl "180+2"]
[Date "2023.07.25"]
[WhiteClock "0:00:42"]
[BlackClock "0:00:01"]
[Board "180"]

1. d4 Nf6 2. Nc3 e6 3. Bf4 c5 4. d5 Qb6 5. Qd2 exd5 6. e3 d4 7. exd4 cxd4 8. Nb5 Nd5 9. Be5 Nc6 10. Bxd4 Nxd4 11. Qxd4 Qxd4 12. Nxd4 Bb4+ 13. Kd1 O-O 14. Bc4 Nb6 15. Bb3 Bc5 16. Ngf3 d5 17. h3 a5 18. a4 Nc4 19. Rb1 Bd7 20. c3 Rfe8 21. Kc2 Rac8 22. Rhe1 Kf8 23. Rbd1 f6 24. Kb1 h5 25. Bc2 g5 26. Rxe8+ Rxe8 27. Re1 Nd2+ 28. Kc1 1-0


[Site "https://www.chess.com"]

[Event "Titled Tuesday Blitz July 25 Early 2023"]
[White "Andreassen, Lars"]
[Black "Rostomyan, Mikayel"]
[WhiteFideId "1504878"]
[BlackFideId "13313754"]
[WhiteElo "2284"]
[BlackElo "2585"]
[Result "1-0"]
[Round "1"]
[TimeControl "180+2"]
[Date "2023.07.25"]
[WhiteClock "0:00:17"]
[BlackClock "0:00:08"]
[Board "181"]

1. d4 Nf6 2. Nf3 e6 3. Bg5 Be7 4. e3 d5 5. c4 O-O 6. Nc3 b6 7. Bd3 Bb7 8. O-O Nbd7 9. cxd5 exd5 10. Rc1 c5 11. Ne5 Ne4 12. Bxe7 Qxe7 13. Nxd7 Qxd7 14. Bxe4 dxe4 15. dxc5 Qe6 16. cxb6 axb6 17. a3 Ba6 18. Re1 Bd3 19. f3 f5 20. f4 Rfd8 21. Qd2 Qb3 22. Qf2 Rac8 23. h3 h6 24. Kh2 b5 25. Rg1 h5 26. g4 hxg4 27. hxg4 Kf7 28. gxf5 Rh8+ 29. Kg2 b4 30. axb4 Rb8 31. Rh1 Rxh1 32. Rxh1 Qxb4 33. Nd1 Rc8 34. Qh4 Rc2+ 35. Kg3 Be2 36. Qg5 Qb6 37. Rh7 Qf6 38. Nf2 Rxb2 39. Nxe4 Qxg5+ 40. fxg5 Bd3 41. g6+ Kf8 42. Nd6 Rb6 43. Rh8+ Ke7 44. Nc8+ Kf6 45. Nxb6 Bxf5 46. Kf4 Kxg6 47. Nd5 Bc2 48. Ne7+ Kf7 49. Nf5 Kf6 50. e4 g5+ 51. Ke3 g4 52. Rg8 Bd1 53. Kf4 Bf3 54. Rf8+ Kg6 55. e5 Bd1 56. Rf6+ Kh7 57. Ne3 Bb3 58. Nxg4 Kg7 59. Ne3 Ba2 60. Ng2 Bd5 61. Nh4 Bf7 62. Nf5+ Kg8 63. Nh6+ Kg7 64. Nxf7 Kf8 65. Kf5 Ke7 66. e6 Kf8 67. Ng5+ Kg7 68. Rf7+ Kg8 69. e7 1-0


[Site "https://www.chess.com"]

[Event "Titled Tuesday Blitz July 25 Early 2023"]
[White "TimGrutter03"]
[Black "rionelG"]
[WhiteElo "2581"]
[BlackElo "2284"]
[Result "0-1"]
[Round "1"]
[TimeControl "180+2"]
[Date "2023.07.25"]
[WhiteClock "0:00:05"]
[BlackClock "0:00:10"]
[Board "182"]

1. d4 Nf6 2. Nc3 d5 3. Bf4 Bf5 4. e3 e6 5. Nf3 Bd6 6. Ne5 O-O 7. Bd3 Ne4 8. f3 Nxc3 9. bxc3 f6 10. Bxf5 exf5 11. Nd3 Bxf4 12. Nxf4 Re8 13. Qd3 c6 14. O-O g6 15. c4 dxc4 16. Qxc4+ Kh8 17. Rfe1 Nd7 18. e4 Nb6 19. Qc3 Qd6 20. e5 fxe5 21. dxe5 Qe7 22. Rad1 Rad8 23. e6+ Kg8 24. Qe5 Nc4 25. Qc3 b5 26. a4 a6 27. axb5 axb5 28. Nd3 Rd6 29. Nc5 Rxd1 30. Rxd1 Qxc5+ 31. Kh1 Qe3 32. Qf6 Qxe6 33. Qd4 Qe1+ 34. Qg1 Qxg1+ 35. Kxg1 Re2 36. Rd8+ Kf7 37. Rc8 Re6 38. Kf2 h5 39. g3 Kf6 40. f4 Rd6 41. Ke2 b4 42. Rb8 c5 43. Rb5 Rd5 44. Rb8 Nd6 45. Rd8 Rd4 46. Rf8+ Ke7 47. Rg8 Kf7 48. Rb8 Rc4 49. Kd3 Rc3+ 50. Kd2 Ne4+ 51. Kd1 h4 52. Rb7+ Kf6 53. Rb6+ Kg7 54. gxh4 Kh6 55. Rb8 Kh5 56. Rh8+ Kg4 57. Rh6 Kxf4 58. Rxg6 Ke3 59. h5 b3 60. Re6 bxc2+ 61. Kc1 Kd3 62. h6 Rb3 0-1


[Site "https://www.chess.com"]

[Event "Titled Tuesday Blitz July 25 Early 2023"]
[White "laimis61"]
[Black "Vovk, Orest"]
[BlackFideId "14113490"]
[WhiteElo "2281"]
[BlackElo "2579"]
[Result "1-0"]
[Round "1"]
[TimeControl "180+2"]
[Date "2023.07.25"]
[WhiteClock "0:01:23"]
[BlackClock "0:00:04"]
[Board "183"]

1. e4 g5 2. d4 g4 3. Nc3 Bg7 4. Be3 d6 5. Qd2 c6 6. h3 h5 7. hxg4 hxg4 8. Rxh8 Bxh8 9. O-O-O Qa5 10. Kb1 b5 11. a3 Be6 12. Nge2 b4 13. axb4 Qxb4 14. d5 Bd7 15. Bd4 Bxd4 16. Nxd4 Nf6 17. Qh6 Kd8 18. Qf8+ Be8 19. dxc6 a6 20. c7+ Kxc7 21. Qxe7+ Nbd7 22. Nf5 Rb8 23. Qxd6+ Qxd6 24. Nxd6 Nc5 25. f3 Bc6 26. Nxf7 gxf3 27. gxf3 Rf8 28. Ne5 Bb7 29. Be2 Nh5 30. Nd5+ Bxd5 31. Rxd5 Ne6 32. Rd7+ Kb8 33. Bxa6 Nd8 34. Rh7 1-0


[Site "https://www.chess.com"]

[Event "Titled Tuesday Blitz July 25 Early 2023"]
[White "Ahmad, Khagan"]
[Black "Zaksaite, Salomeja"]
[WhiteFideId "13431552"]
[BlackFideId "12801496"]
[WhiteElo "2578"]
[BlackElo "2278"]
[Result "1-0"]
[Round "1"]
[TimeControl "180+2"]
[Date "2023.07.25"]
[WhiteClock "0:00:10"]
[BlackClock "0:00:02"]
[Board "184"]

1. c4 Nf6 2. Nf3 g6 3. g3 Bg7 4. Bg2 d6 5. O-O O-O 6. d4 Nc6 7. Nc3 e5 8. dxe5 dxe5 9. Qxd8 Rxd8 10. Bg5 h6 11. Bxf6 Bxf6 12. Nd5 Kg7 13. Nxc7 Rb8 14. Nd5 e4 15. Nd2 e3 16. fxe3 Bxb2 17. Rab1 Ba3 18. Ne4 Be6 19. Rb3 Bf8 20. Nef6 Ne5 21. Rc3 b6 22. Kh1 Rbc8 23. Rfc1 Rc5 24. R3c2 Rdc8 25. e4 Nxc4 26. Ne8+ Rxe8 27. Rxc4 Rec8 28. Rxc5 Rxc5 29. Rd1 Rc2 30. Nf4 Rxa2 31. e5 Bb3 32. Rb1 Bc4 33. Bf3 b5 34. Rd1 a5 35. Rd7 Ra1+ 36. Kg2 Kg8 37. e6 Bxe6 38. Nxe6 fxe6 39. Bg4 Bg7 40. Bxe6+ Kh7 41. e4 b4 42. Rb7 Rb1 43. Bd5 Rb2+ 44. Kh3 a4 45. e5 a3 46. Ra7 Re2 47. e6 g5 48. e7 Kg6 49. Bc6 Bd4 50. e8=Q+ Rxe8 51. Bxe8+ Kf6 52. Ra4 Ke5 53. Bf7 Bc3 54. Bb3 Kd4 55. Kg4 Bd2 56. Kh5 Kc3 57. Bf7 Bc1 58. Kxh6 b3 59. Rc4+ Kd2 60. Rxc1 Kxc1 61. Bxb3 Kb2 62. Bg8 g4 63. Kh5 Kc3 64. Kxg4 1-0


[Site "https://www.chess.com"]

[Event "Titled Tuesday Blitz July 25 Early 2023"]
[White "Fernandez Bustamante, Leancy B."]
[Black "Sadykov, Ramil"]
[WhiteFideId "3523870"]
[BlackFideId "24113590"]
[WhiteElo "2274"]
[BlackElo "2577"]
[Result "0-1"]
[Round "1"]
[TimeControl "180+2"]
[Date "2023.07.25"]
[WhiteClock "0:00:01"]
[BlackClock "0:00:14"]
[Board "185"]

1. e4 c5 2. Nf3 e6 3. c3 Nf6 4. e5 Nd5 5. d4 cxd4 6. cxd4 Be7 7. Nc3 Nxc3 8. bxc3 Qc7 9. Bd2 O-O 10. Bd3 b6 11. O-O Ba6 12. Bg5 Qd8 13. Bxe7 Qxe7 14. c4 Rc8 15. Rc1 h6 16. Qe2 Bb7 17. Be4 Bxe4 18. Qxe4 Na6 19. Rfd1 d6 20. exd6 Qxd6 21. Ne5 Rd8 22. Rd3 Rac8 23. Qf3 Rc7 24. Re1 Nb4 25. Rd2 Nc6 26. Nxc6 Qxc6 27. d5 Qxc4 28. d6 Rcd7 29. Red1 b5 30. g4 b4 31. Rd4 Qc5 32. Qg3 a5 33. h4 f6 34. g5 hxg5 35. hxg5 Qxg5 36. Rg4 Qe5 37. Qg2 f5 38. Rg6 Rxd6 39. Rxd6 Rxd6 40. Qg5 Rd1+ 41. Kg2 Qe4+ 42. f3 Qe2+ 0-1


[Site "https://www.chess.com"]

[Event "Titled Tuesday Blitz July 25 Early 2023"]
[White "Al-Tarboush, Ward"]
[Black "Senft, Sean"]
[WhiteFideId "7601450"]
[BlackFideId "2044960"]
[WhiteElo "2576"]
[BlackElo "2271"]
[Result "1-0"]
[Round "1"]
[TimeControl "180+2"]
[Date "2023.07.25"]
[WhiteClock "0:01:43"]
[BlackClock "0:00:30"]
[Board "186"]

1. e4 c5 2. Nf3 d6 3. d4 cxd4 4. Nxd4 Nf6 5. Nc3 a6 6. h3 e5 7. Nde2 h5 8. Bg5 Be6 9. g3 Nbd7 10. a4 Be7 11. Bg2 Qc7 12. O-O Rc8 13. b3 O-O 14. f4 exf4 15. gxf4 Nc5 16. f5 Bd7 17. b4 Ncxe4 18. Nxe4 Nxe4 19. Bxe7 Rfe8 20. Bxe4 Rxe7 21. Qd4 Rce8 22. Ng3 d5 23. Nxh5 Qe5 24. Qxe5 Rxe5 25. Bd3 g6 26. Nf6+ Kg7 27. Nxd7 Re3 28. Kg2 1-0


[Site "https://www.chess.com"]

[Event "Titled Tuesday Blitz July 25 Early 2023"]
[White "Joshi, Pankaj"]
[Black "Vlassov, Nikolai"]
[WhiteFideId "5006210"]
[BlackFideId "4103360"]
[WhiteElo "2271"]
[BlackElo "2576"]
[Result "0-1"]
[Round "1"]
[TimeControl "180+2"]
[Date "2023.07.25"]
[WhiteClock "0:00:08"]
[BlackClock "0:00:11"]
[Board "187"]

1. e4 Nc6 2. d4 d5 3. e5 h5 4. h3 Bf5 5. c3 Qd7 6. Nf3 O-O-O 7. Bf4 f6 8. Nbd2 g5 9. Bg3 g4 10. Nh4 fxe5 11. Nxf5 Qxf5 12. hxg4 Qe6 13. Qe2 Bg7 14. O-O-O Qxg4 15. Qxg4+ hxg4 16. Be2 Nh6 17. dxe5 Nxe5 18. Nb3 Nhf7 19. Nd4 Rh6 20. Kc2 Rf6 21. Rh7 Rg8 22. Bh4 Ra6 23. Bxa6 bxa6 24. Bxe7 Nc4 25. b3 Nb6 26. Bc5 Ng5 27. Rh5 Ne4 28. Bxb6 axb6 29. f3 gxf3 30. gxf3 Bxd4 31. Rxd4 Rg2+ 32. Kc1 Nxc3 33. Rh8+ Kb7 34. Rd2 Nxa2+ 35. Kd1 Nc3+ 36. Ke1 Rg1+ 37. Kf2 Rb1 38. Rc2 Rxb3 39. Rh7 a5 40. f4 Ne4+ 41. Kg2 Nc5 42. f5 Rb4 43. Rf2 Rg4+ 44. Kh3 Rg8 45. f6 Ne4 46. f7 Rf8 47. Rf4 Ng5+ 48. Kg4 Nxh7 49. Kh5 d4 50. Kg6 d3 51. Rd4 c5 52. Rxd3 Rxf7 53. Kxf7 Ng5+ 54. Kf6 Ne4+ 55. Ke5 Ng5 56. Rg3 Kc6 57. Rxg5 Kb5 58. Ke4 Kc4 59. Ke3 b5 60. Rg4+ Kc3 61. Rg5 Kb4 62. Kd3 a4 63. Kc2 a3 64. Rg4+ Ka5 65. Kb3 b4 66. Rc4 Kb5 67. Rh4 Kc6 68. Rh5 Kb5 69. Rh6 Ka5 70. Rc6 Kb5 71. Rc8 Kb6 72. Rh8 Kb5 73. Rh6 c4+ 74. Kc2 b3+ 75. Kc3 a2 76. Kb2 Kb4 77. Rh3 c3+ 78. Rxc3 a1=Q+ 79. Kxa1 Kxc3 80. Kb1 b2 81. Ka2 Kc2 0-1


[Site "https://www.chess.com"]

[Event "Titled Tuesday Blitz July 25 Early 2023"]
[White "Ibadov, Dashgyn"]
[Black "Harris, Ian"]
[WhiteFideId "24107514"]
[BlackFideId "2020092"]
[WhiteElo "2575"]
[BlackElo "2270"]
[Result "0-1"]
[Round "1"]
[TimeControl "180+2"]
[Date "2023.07.25"]
[WhiteClock "0:00:02"]
[BlackClock "0:00:35"]
[Board "188"]

1. e4 e5 2. Nf3 Nc6 3. d4 exd4 4. Nxd4 Bc5 5. Nb3 Be7 6. Nc3 Nf6 7. Be3 O-O 8. Qd2 d6 9. O-O-O Be6 10. f3 a5 11. Nd4 Nxd4 12. Bxd4 a4 13. a3 c6 14. Kb1 b5 15. e5 dxe5 16. Bxe5 Qb6 17. Ne4 Nxe4 18. fxe4 b4 19. axb4 a3 20. b3 Bxb4 21. Qd4 a2+ 22. Ka1 Rfd8 23. Qxd8+ Rxd8 24. Be2 Ra8 25. Bb2 Qc5 26. c4 Qe3 27. Bf3 Bc3 28. e5 Bxb2+ 29. Kxb2 Qxe5+ 30. Kc2 Bf5+ 0-1


[Site "https://www.chess.com"]

[Event "Titled Tuesday Blitz July 25 Early 2023"]
[White "Samaganova, Aleksandra"]
[Black "ArtemDyachuk"]
[WhiteFideId "13800221"]
[WhiteElo "2265"]
[BlackElo "2574"]
[Result "0-1"]
[Round "1"]
[TimeControl "180+2"]
[Date "2023.07.25"]
[WhiteClock "0:00:01"]
[BlackClock "0:00:31"]
[Board "189"]

1. d4 Nf6 2. c4 e6 3. g3 c5 4. d5 d6 5. Bg2 exd5 6. cxd5 g6 7. Nc3 Bg7 8. Nf3 O-O 9. O-O Re8 10. Re1 h6 11. e4 Bg4 12. h3 Bxf3 13. Bxf3 Nbd7 14. Be3 Ne5 15. Bg2 Nc4 16. Qc1 Nxe3 17. Rxe3 Nd7 18. Kh2 Ne5 19. Qc2 c4 20. Rd1 Rc8 21. f4 Nd3 22. Rexd3 cxd3 23. Rxd3 b5 24. Qb3 a6 25. Ne2 Qa5 26. e5 dxe5 27. d6 Rcd8 28. Bc6 Re6 29. Bd5 Rexd6 30. Bxf7+ Kh7 31. Re3 Rd2 32. Qe6 Kh8 33. Bxg6 Rf8 34. Be4 Rf6 35. Qe8+ Bf8 36. fxe5 Rd8 0-1


[Site "https://www.chess.com"]

[Event "Titled Tuesday Blitz July 25 Early 2023"]
[White "Filgueira, Hernan"]
[Black "rikchessmx"]
[WhiteFideId "101770"]
[WhiteElo "2573"]
[BlackElo "2264"]
[Result "1-0"]
[Round "1"]
[TimeControl "180+2"]
[Date "2023.07.25"]
[WhiteClock "0:02:26"]
[BlackClock "0:02:29"]
[Board "190"]

1. c4 e5 2. Nc3 f5 3. d4 exd4 4. Qxd4 Nc6 5. Qe3+ Qe7 6. Nd5 Qxe3 7. Bxe3 Kd8 8. O-O-O Ne5 9. Bf4 d6 10. Bxe5 c6 11. Nc3 Kc7 12. Bg3 Be6 13. c5 Nf6 14. cxd6+ Kd7 15. Nf3 h6 16. Ne5+ 1-0


[Site "https://www.chess.com"]

[Event "Titled Tuesday Blitz July 25 Early 2023"]
[White "Balint, Vilmos"]
[Black "Altman, Joshua"]
[WhiteFideId "718050"]
[BlackFideId "426210"]
[WhiteElo "2256"]
[BlackElo "2571"]
[Result "1-0"]
[Round "1"]
[TimeControl "180+2"]
[Date "2023.07.25"]
[WhiteClock "0:01:06"]
[BlackClock "0:00:01"]
[Board "191"]

1. e4 Nc6 2. d4 d5 3. exd5 Qxd5 4. Ne2 e5 5. Nbc3 Qd8 6. d5 Nce7 7. Ng3 Nf6 8. Bc4 Ng6 9. O-O Bd6 10. Bg5 h6 11. Bxf6 Qxf6 12. Nh5 Qg5 13. Nxg7+ Kf8 14. Nh5 Bg4 15. Be2 Bxh5 16. Bxh5 Nf4 17. Bf3 h5 18. Ne4 Qg6 19. c4 h4 20. c5 Nxg2 21. Bxg2 h3 22. Qf3 Be7 23. Rac1 hxg2 24. Qxg2 Qf5 25. d6 cxd6 26. cxd6 Bf6 27. Ng3 Qh7 28. Rc7 Rd8 29. Rd1 e4 30. Nxe4 Rg8 31. Ng3 Be5 32. Rxb7 Bxd6 33. Rxa7 Re8 34. Qf3 Rh8 35. Qg2 Bc5 36. Rc7 Bb6 37. Rb7 Bc5 38. b4 Bd4 39. Rxd4 Re1+ 40. Nf1 Rxf1+ 41. Kxf1 Qb1+ 42. Ke2 Qc2+ 43. Rd2 Qc4+ 44. Kd1 Rg8 45. Rb8+ 1-0


[Site "https://www.chess.com"]

[Event "Titled Tuesday Blitz July 25 Early 2023"]
[White "Shishkov, Andrei"]
[Black "Chemin, Justo Reinaldo"]
[WhiteFideId "4500563"]
[BlackFideId "2101580"]
[WhiteElo "2569"]
[BlackElo "2255"]
[Result "1-0"]
[Round "1"]
[TimeControl "180+2"]
[Date "2023.07.25"]
[WhiteClock "0:00:17"]
[BlackClock "0:00:01"]
[Board "192"]

1. d4 d5 2. c4 dxc4 3. e4 Nf6 4. e5 Nd5 5. Bxc4 Nb6 6. Bb3 Nc6 7. Ne2 Bg4 8. Nbc3 e6 9. O-O Qd7 10. Be3 O-O-O 11. a3 Kb8 12. f3 Bh5 13. Qe1 Na5 14. Ba2 Nac4 15. Bg5 Be7 16. Qh4 Bxg5 17. Qxg5 Bg6 18. Bxc4 Nxc4 19. b3 h6 20. Qc1 Nb6 21. Rd1 Nd5 22. Nxd5 Qxd5 23. Qc4 Qxc4 24. bxc4 c6 25. Kf2 Rd7 26. Ke3 Rhd8 27. Rd2 f6 28. Rad1 Kc7 29. Nf4 Bf7 30. exf6 gxf6 31. c5 b6 32. g4 bxc5 33. dxc5 Rxd2 34. Rxd2 Rxd2 35. Kxd2 e5 36. Ne2 Bd5 37. Ke3 Kd7 38. Ng3 Be6 39. Ke4 Ke7 40. Nf5+ Bxf5+ 41. Kxf5 Kf7 42. a4 a5 43. h3 Kg7 44. Ke6 Kg6 45. Kd6 Kg5 46. Kxc6 Kf4 47. Kd6 Kxf3 48. c6 e4 49. c7 e3 50. c8=Q e2 51. Qf5+ Kg2 52. Qe6 Kf2 53. Qxf6+ 1-0


[Site "https://www.chess.com"]

[Event "Titled Tuesday Blitz July 25 Early 2023"]
[White "Kohler, Aran"]
[Black "Fernandez, Fernando"]
[WhiteFideId "1002856"]
[BlackFideId "3802299"]
[WhiteElo "2254"]
[BlackElo "2567"]
[Result "0-1"]
[Round "1"]
[TimeControl "180+2"]
[Date "2023.07.25"]
[WhiteClock "0:01:48"]
[BlackClock "0:01:42"]
[Board "193"]

1. Nf3 d5 2. d4 Nf6 3. Bg5 Ne4 4. Bf4 c5 5. e3 Qb6 6. Nc3 Nxc3 7. bxc3 Qa5 8. Qd2 Nd7 9. Be2 c4 10. O-O Nf6 11. Rfb1 Ne4 12. Qe1 e6 13. a4 Be7 14. Rb5 Qxc3 15. Qxc3 Nxc3 16. Bf1 Nxb5 17. axb5 Bd7 18. b6 a5 19. Bc7 f6 20. e4 Kf7 21. exd5 exd5 22. g3 Bd8 23. Bg2 Bxc7 24. bxc7 Rhc8 25. Nd2 Bc6 26. Nb1 Rxc7 27. Nc3 Rd7 28. h4 b5 0-1


[Site "https://www.chess.com"]

[Event "Titled Tuesday Blitz July 25 Early 2023"]
[White "Fiorito, Francisco"]
[Black "Doluhanova, Evgeniya"]
[WhiteFideId "180165"]
[BlackFideId "14112035"]
[WhiteElo "2566"]
[BlackElo "2251"]
[Result "0-1"]
[Round "1"]
[TimeControl "180+2"]
[Date "2023.07.25"]
[WhiteClock "0:01:39"]
[BlackClock "0:01:23"]
[Board "194"]

1. d4 Nf6 2. Nc3 d5 3. Bf4 Bf5 4. e3 e6 5. Nf3 Bd6 6. Ne5 Ne4 7. Nxe4 Bxe4 8. h4 Nd7 9. f3 Bg6 10. h5 Bf5 11. g4 g5 12. Bh2 f6 13. Nxd7 Bxh2 14. Rxh2 Qxd7 15. gxf5 exf5 16. Qd3 O-O-O 17. O-O-O Rhe8 18. Rf2 h6 19. Bh3 g4 20. fxg4 fxg4 21. Bg2 Qe6 22. Kd2 Rd7 23. Qf5 Qxe3# 0-1


[Site "https://www.chess.com"]

[Event "Titled Tuesday Blitz July 25 Early 2023"]
[White "Xavier_mompel"]
[Black "Skuhala, Jernej"]
[BlackFideId "14605651"]
[WhiteElo "2251"]
[BlackElo "2566"]
[Result "1-0"]
[Round "1"]
[TimeControl "180+2"]
[Date "2023.07.25"]
[WhiteClock "0:01:46"]
[BlackClock "0:00:09"]
[Board "195"]

1. e4 c6 2. d4 d5 3. e5 c5 4. Nf3 Nc6 5. c4 e6 6. Nc3 cxd4 7. Nxd4 Bc5 8. Nxc6 bxc6 9. Be2 Qh4 10. O-O Ne7 11. Na4 Bb6 12. Nxb6 axb6 13. Be3 c5 14. cxd5 exd5 15. Bb5+ 1-0


[Site "https://www.chess.com"]

[Event "Titled Tuesday Blitz July 25 Early 2023"]
[White "Trifan, Andrei Ioan"]
[Black "Mesfin, Leykun"]
[WhiteFideId "12967068"]
[BlackFideId "15700097"]
[WhiteElo "2565"]
[BlackElo "2250"]
[Result "1-0"]
[Round "1"]
[TimeControl "180+2"]
[Date "2023.07.25"]
[WhiteClock "0:02:03"]
[BlackClock "0:02:28"]
[Board "196"]

1. Nf3 Nf6 2. e3 g6 3. b3 Bg7 4. Bb2 O-O 5. Be2 d6 6. d4 Nbd7 7. O-O c6 8. c4 Qe8 9. Nc3 e5 10. dxe5 Nxe5 11. Qxd6 Nxf3+ 12. Bxf3 Bf5 13. Rad1 Rd8 14. Qc7 Rxd1 15. Rxd1 Ne4 16. Bxe4 Bxe4 17. Ba3 Bxc3 18. Bxf8 Bd5 19. cxd5 Qxf8 20. dxc6 bxc6 21. Rd8 1-0


[Site "https://www.chess.com"]

[Event "Titled Tuesday Blitz July 25 Early 2023"]
[White "Nugumanov, Bakhtiyar"]
[Black "Fonseca Manrique, Enrique"]
[WhiteFideId "13701797"]
[BlackFideId "5114330"]
[WhiteElo "2249"]
[BlackElo "2564"]
[Result "0-1"]
[Round "1"]
[TimeControl "180+2"]
[Date "2023.07.25"]
[WhiteClock "0:00:12"]
[BlackClock "0:00:13"]
[Board "197"]

1. Nf3 Nf6 2. c4 g6 3. g3 Bg7 4. Bg2 O-O 5. O-O Nc6 6. Nc3 e5 7. d3 d6 8. Rb1 a5 9. b3 h6 10. h3 Be6 11. e4 Qd7 12. Kh2 Nd4 13. Be3 Nxf3+ 14. Qxf3 Ng4+ 15. Kg1 Nxe3 16. fxe3 Bxh3 17. Ne2 Bg4 18. Qf2 c6 19. a3 b5 20. cxb5 cxb5 21. Nc3 Be6 22. d4 Rfc8 23. Rfc1 b4 24. Na4 Qb5 25. d5 Bd7 26. axb4 axb4 27. Qd2 h5 28. Nb2 Ra2 29. Bf1 Qb6 30. Rxc8+ Bxc8 31. Qc1 Bg4 32. Nc4 Qc5 33. Ra1 Rxa1 34. Qxa1 Bh6 35. Kf2 Kg7 36. Qa6 Bd7 37. Qxd6 Bxe3+ 38. Ke2 Bb5 39. Qxe5+ Kh6 40. Qh8+ Kg5 41. Qd8+ f6 42. Kf3 Bg1 43. Qb8 Qf2# 0-1


[Site "https://www.chess.com"]

[Event "Titled Tuesday Blitz July 25 Early 2023"]
[White "Thecourseoisildur"]
[Black "Ardila, Oscar Humberto"]
[BlackFideId "4404742"]
[WhiteElo "2564"]
[BlackElo "2248"]
[Result "1-0"]
[Round "1"]
[TimeControl "180+2"]
[Date "2023.07.25"]
[WhiteClock "0:00:45"]
[BlackClock "0:00:21"]
[Board "198"]

1. d4 Nf6 2. c4 e6 3. Nf3 Bb4+ 4. Bd2 Qe7 5. e3 O-O 6. a3 Bxd2+ 7. Nfxd2 c5 8. dxc5 Qxc5 9. Nc3 d5 10. Nb3 Qe7 11. cxd5 exd5 12. Nd4 Nc6 13. Be2 Rd8 14. O-O Be6 15. h3 h6 16. Bf3 Rac8 17. Nce2 Ne5 18. Nf4 Nc4 19. b3 Ne5 20. Qd2 Nxf3+ 21. Nxf3 Ne4 22. Qd4 Qc5 23. b4 Qc3 24. Qxa7 Ra8 25. Qxb7 Rdb8 26. Nxd5 Rxb7 27. Nxc3 Nxc3 28. Nd4 Bc4 29. Rfc1 Ne2+ 30. Nxe2 Bxe2 31. f3 Bb5 32. Kf2 Kf8 33. e4 Ke7 34. Ke3 Ba4 35. Rc5 Rd7 36. Rac1 Bb3 37. Ra1 Ba4 38. Rb1 Rad8 39. Rc3 Rd1 40. Rxd1 Rxd1 41. h4 Rg1 42. Kf2 Ra1 43. g3 Kd6 44. Ke3 g5 45. h5 Re1+ 46. Kf2 Rb1 47. Rd3+ Ke5 48. Rd5+ Ke6 49. Ra5 Bc2 50. Ra6+ Ke5 51. Rxh6 f6 52. Rh8 Rb2 53. Ke3 Rb3+ 54. Kd2 Bb1 55. h6 Rxf3 56. h7 Bxe4 57. Re8+ Kf5 58. h8=Q Rxg3 59. Qh7+ Kf4 1-0


[Site "https://www.chess.com"]

[Event "Titled Tuesday Blitz July 25 Early 2023"]
[White "Khouri, Ahmed Abbas"]
[Black "Roebers, Eline"]
[WhiteFideId "9301518"]
[BlackFideId "1058401"]
[WhiteElo "2246"]
[BlackElo "2564"]
[Result "0-1"]
[Round "1"]
[TimeControl "180+2"]
[Date "2023.07.25"]
[WhiteClock "0:00:18"]
[BlackClock "0:00:32"]
[Board "199"]

1. e4 c5 2. f4 d5 3. Bb5+ Bd7 4. Bxd7+ Qxd7 5. Nc3 d4 6. Nce2 g6 7. d3 Bg7 8. Nf3 Nc6 9. O-O Nf6 10. a3 O-O 11. Qe1 Rae8 12. Qh4 Qg4 13. Qf2 e5 14. h3 Qd7 15. Qh4 exf4 16. Bxf4 Nh5 17. Bg5 f6 18. Bd2 f5 19. Ng5 h6 20. g4 hxg5 21. Bxg5 fxg4 22. hxg4 Ne5 23. gxh5 Nf3+ 24. Rxf3 Rxf3 25. hxg6 Rh3 26. Qf2 Rf8 27. Qg2 Be5 28. Rf1 Bh2+ 29. Kh1 Rxf1+ 30. Qxf1 Bf4+ 31. Kg1 Qg4+ 32. Qg2 Qxg2+ 33. Kxg2 Rh2+ 34. Kg1 Rxe2 35. Bxf4 Rxc2 36. b4 c4 37. dxc4 d3 38. Kf1 Rxc4 39. Bd2 Rxe4 40. Bc3 Re6 41. g7 Rc6 42. Bd4 Rc1+ 43. Kf2 d2 0-1


[Site "https://www.chess.com"]

[Event "Titled Tuesday Blitz July 25 Early 2023"]
[White "Ezat, Mohamed"]
[Black "Fernandez Hernandez, Gerardo"]
[WhiteFideId "10600906"]
[BlackFideId "2207400"]
[WhiteElo "2563"]
[BlackElo "2246"]
[Result "1-0"]
[Round "1"]
[TimeControl "180+2"]
[Date "2023.07.25"]
[WhiteClock "0:00:55"]
[BlackClock "0:00:13"]
[Board "200"]

1. d4 Nf6 2. c4 c5 3. d5 e5 4. Nc3 d6 5. e4 g6 6. Be2 Bg7 7. Nf3 O-O 8. O-O Bg4 9. Ne1 Bxe2 10. Qxe2 Nbd7 11. Nd3 Nh5 12. Rb1 Qe7 13. b4 cxb4 14. Rxb4 Nc5 15. Nxc5 dxc5 16. Rb1 Nf6 17. Bg5 h6 18. Bxf6 Bxf6 19. d6 Qxd6 20. Rxb7 Rfb8 21. Rxb8+ Rxb8 22. Nd5 Bd8 23. Rd1 Kg7 24. g3 Qc6 25. h4 h5 26. Qf3 Rb2 27. Qa3 Rc2 28. Ne3 Qxe4 29. Nxc2 Bxh4 30. Qd3 Qg4 31. Ne3 Qf3 32. Nf5+ Qxf5 33. Qxf5 1-0


[Site "https://www.chess.com"]

[Event "Titled Tuesday Blitz July 25 Early 2023"]
[White "Atanasov, Radislav"]
[Black "To, Nhat Minh"]
[WhiteFideId "2901471"]
[BlackFideId "729019"]
[WhiteElo "2246"]
[BlackElo "2562"]
[Result "0-1"]
[Round "1"]
[TimeControl "180+2"]
[Date "2023.07.25"]
[WhiteClock "0:00:04"]
[BlackClock "0:00:08"]
[Board "201"]

1. e4 c5 2. c3 Nf6 3. e5 Nd5 4. d4 cxd4 5. Nf3 d6 6. cxd4 Nc6 7. Bc4 Nb6 8. Bb5 dxe5 9. Nxe5 Bd7 10. Nxd7 Qxd7 11. O-O g6 12. Re1 Bg7 13. Nc3 Bxd4 14. Qb3 O-O 15. Bh6 Rfe8 16. Rad1 Rad8 17. Be3 e5 18. Ne4 Qf5 19. Bg5 Bxf2+ 20. Kh1 Rxd1 21. Qxd1 Bxe1 22. Nf6+ Kf8 23. Bh6+ Ke7 24. Nxe8 Kxe8 25. Qxe1 Nd5 26. h3 Nf4 27. Qc3 Qe6 28. Bg7 f6 29. Bc4 Qd6 30. Bh6 Qd4 31. Qc2 Ke7 32. Kh2 a6 33. Bg8 Nd5 34. Bxh7 g5 35. Qf5 Qf4+ 36. Qxf4 exf4 37. Be4 Ne3 38. g3 fxg3+ 39. Kxg3 Nc4 40. b3 Nd6 41. Bd3 Ne5 42. Be2 Nf5+ 43. Kh2 Nxh6 44. Kg2 Nf5 45. Kf2 Nh4 46. Ke3 Kd6 47. Ke4 f5+ 48. Kd4 f4 49. Ke4 a5 50. a4 b6 51. Bb5 Nd7 52. Bc4 Nf6+ 53. Kd4 f3 54. Ke3 Ke5 55. Bf7 Nd5+ 56. Kf2 Nb4 57. Kg3 Nd3 58. Bc4 Kd4 59. Kg4 Ne5+ 60. Kxg5 Nxc4 61. Kxh4 f2 62. Kg3 f1=Q 0-1


[Site "https://www.chess.com"]

[Event "Titled Tuesday Blitz July 25 Early 2023"]
[White "Eynullayev, Altay"]
[Black "Torres Hernandez, Leslie Carolin"]
[WhiteFideId "13413562"]
[BlackFideId "8400504"]
[WhiteElo "2561"]
[BlackElo "2246"]
[Result "1-0"]
[Round "1"]
[TimeControl "180+2"]
[Date "2023.07.25"]
[WhiteClock "0:00:25"]
[BlackClock "0:00:01"]
[Board "202"]

1. e4 e6 2. d4 d5 3. e5 c5 4. c3 Nc6 5. Nf3 Qb6 6. a3 Nge7 7. Bd3 cxd4 8. cxd4 Nf5 9. Bxf5 exf5 10. Nc3 Be6 11. O-O Be7 12. b4 O-O 13. Na4 Qd8 14. Be3 Rc8 15. Rc1 h6 16. Nc5 b6 17. Nxe6 fxe6 18. Qd3 Qe8 19. Rc3 Nb8 20. Rfc1 Rxc3 21. Qxc3 g5 22. Ne1 f4 23. Bd2 g4 24. Nd3 Bg5 25. g3 f3 26. Ne1 Qb5 27. Be3 Qe2 28. Rc2 Qb5 29. Bxg5 hxg5 30. Qe3 Rf5 31. Rc8+ Kg7 32. Rxb8 Kg6 33. Rg8+ 1-0


[Site "https://www.chess.com"]

[Event "Titled Tuesday Blitz July 25 Early 2023"]
[White "Thiel, Thomas"]
[Black "Ilkhomi, Jaloliddin"]
[WhiteFideId "4615964"]
[BlackFideId "14700948"]
[WhiteElo "2240"]
[BlackElo "2561"]
[Result "0-1"]
[Round "1"]
[TimeControl "180+2"]
[Date "2023.07.25"]
[WhiteClock "0:01:46"]
[BlackClock "0:02:15"]
[Board "203"]

1. e4 e6 2. d4 d5 3. Nc3 Bb4 4. e5 c5 5. a3 Bxc3+ 6. bxc3 Qa5 7. Bd2 Qa4 8. Qg4 g6 9. Qd1 Nc6 10. Qb1 c4 11. Nf3 Nge7 12. h4 h6 13. Be2 Bd7 14. Qxb7 Rb8 15. Qc7 Rc8 16. Qd6 Nf5 17. Qc5 Ncxd4 0-1


[Site "https://www.chess.com"]